AoeStats
← Linaril

Golden Pit

508043028Analyzed
1v1 RM · 11d ago on Sep 20, 2026· 48m 24s· 2 players
Game mode
Random Map
Map size
Tiny (2 player)
Population
200
Speed
Normal
Resources
Standard
Victory
Conquest
Starting age
Dark Age
Ending age
Imperial Age
RankedLock teamsTeams togetherTeam positionsShared explorationLock speedFull tech treeHidden civsTurbo modeCheats
Victory
Defeat
🇸🇰 Sicilians · Slovakia
961
+17
🇬🇧 Tatars · United Kingdom
979
-17
Linaril
4:13 Loom
4:41 Loom
11:28 Feudal Age
14:52 Horse Collar
15:00 Double-Bit Axe
20:09 Castle Age
19:31 Forging
21:36 Wheelbarrow
22:22 Husbandry
24:38 Bloodlines
25:06 Iron Casting
25:22 Gold Mining
26:10 Fletching
28:21 Heavy Plow
28:55 Bow Saw
30:49 Hand Cart
31:24 Town Watch
40:37 Imperial Age
39:23 First Crusade
41:39 Stone Mining
42:27 Gold Shaft Mining
42:24 Crop Rotation
43:20 Elite Serjeant
44:17 Bodkin Arrow
44:24 Scale Mail Armor
45:13 Conscription
PrepSnow0703106
5:08 Loom
9:06 Feudal Age
11:31 Double-Bit Axe
15:46 Wheelbarrow
15:19 Gold Mining
18:10 Horse Collar
22:03 Castle Age
22:51 Scale Barding Armor
22:57 Forging
23:01 Bloodlines
24:20 Husbandry
35:33 Crossbowman
38:17 Bow Saw
38:33 Fletching
38:44 Padded Archer Armor
44:51 Bodkin Arrow
Connection lost

Rejoining the realm…

Still unreachable

The connection could not be restored.

Session expired

The server has moved on; the page needs a fresh start.